 Dungeon Crawl Stone Soup version 0.30.0-10-gfe55d96785 (webtiles) character file.

Game seed: 8578068425752312683

994 qw the Chopper (level 8, -9/49 HPs)
             Began as a Gargoyle Cinder Acolyte on May 17, 2023.
             Was a High Priest of Ignis.
             Mangled by a two-headed ogre
             ... wielding a +0 giant club
              (14 damage)
             ... on level 8 of the Dungeon.
             The game lasted 00:02:10 (4442 turns).

qw the Chopper (Gargoyle Cinder Acolyte)            Turns: 4442, Time: 00:02:11

Health: -9/49      AC: 21    Str: 20    XL:     8   Next: 19%
Magic:  9/9        EV: 10    Int: 15    God:    Ignis [*****.]
Gold:   348        SH:  0    Dex:  9    Spells: 9/9 levels left

rFire   + . .        b - +5 war axe
rCold   . . .        (no shield)
rNeg    + + .        i - +1 ring mail of Music {rElec rN+ Will+ Dex+4}
rPois   inf          l - +1 helmet
rElec   +            j - scarf {repulsion}
rCorr   +            (no gloves)
SInv    .            (no boots)
Will    ++...        f - amulet of regeneration Stlth
                     c - ring of resist corrosion
HPRegen 1.08/turn    g - ring of willpower
MPRegen 0.11/turn

%: repel missiles
@: fiery-armoured
A: sickness immunity, AC +5, negative energy resistance 1, electricity
resistance, torment resistance 1, petrification resistance
a: Renounce Religion, Fiery Armour, Foxfire Swarm, Rising Flame


You were on level 8 of the Dungeon.
You worshipped Ignis.
Ignis was extremely pleased with you.
You visited 1 branch of the dungeon, and saw 7 of its levels.

You collected 348 gold pieces.


Innate Abilities, Weirdness & Mutations

You are immune to sickness and miasma.
Your stone body is resilient. (AC +5)
You are immune to poison.
You resist negative energy. (rN+)
You are resistant to electric shocks. (rElec)
You are resistant to unholy torment.
You are immune to petrification.


   Skills:
 - Level 5.0 Fighting
 + Level 7.7 Axes
 - Level 2.9 Armour
 - Level 1.0 Dodging
 - Level 1.0 Spellcasting
 - Level 3.0 Fire Magic


You had 9 spell levels left.
You didn't know any spells.
Your spell library contained the following spells:

 Spells                   Type           Power      Damage    Failure   Level
 Scorch                   Fire           18%        2d6       19%         2

Inventory:

Hand Weapons
 a - a -1 hand axe of flaming
 b - a +5 war axe (weapon)
Armour
 i - the +1 ring mail of Music (worn) {rElec rN+ Will+ Dex+4}
   (You found it on level 3 of the Dungeon)

   Dex:       It affects your dexterity (+4).
   rElec:     It insulates you from electricity.
   rN:        It protects you from negative energy.
   Will:      It increases your willpower.
 j - a scarf of repulsion (worn)
 l - a +1 helmet (worn)
Jewellery
 c - a ring of resist corrosion (left hand)
 f - an amulet of regeneration (around neck)
 g - a ring of willpower (right hand)
Scrolls
 e - 5 scrolls of identify
Potions
 h - 3 potions of curing

Dungeon Overview and Level Annotations

Branches:
Dungeon (6/15)
 Temple: D:4-7

Altars:
Kikubaaqudgha
Okawaru
Zin

Shops:
D:5 (   D:8 (


Message History

The wyvern bites you but does no damage.
The wyvern bites you.
You barely miss the wyvern. The wyvern completely misses you.
You barely miss the wyvern.
The wyvern bites you but does no damage.
The wyvern bites you!
You hit the wyvern.
The wyvern is lightly wounded.
You slash the two-headed ogre! The wyvern bites you.
The two-headed ogre barely misses you.
The two-headed ogre hits you with a +0 giant club!
The wyvern bites you but does no damage.
You slash the wyvern!
The wyvern is heavily wounded.
You hit the two-headed ogre. The wyvern bites you!
The two-headed ogre barely misses you.
The two-headed ogre hits you but does no damage.
The wyvern closely misses you.
4440 ||| INVOKING Fiery Armour.
A protective cloak of flame settles atop you.
The wyvern bites you but does no damage.
The wyvern is burned by your cloak of flames.
The wyvern is heavily wounded.
You hit the wyvern.
The wyvern is severely wounded.
You hit the two-headed ogre. The wyvern bites you.
The wyvern is burned by your cloak of flames.
The wyvern is severely wounded.
The two-headed ogre barely misses you.
The two-headed ogre hits you with a +0 giant club!!
The wyvern bites you but does no damage.
The wyvern is burned by your cloak of flames.
The wyvern is almost dead.
You slash the wyvern!
You kill the wyvern!
You closely miss the two-headed ogre.
The two-headed ogre hits you with a +0 giant club!
You die...

#...#..#. #
.(..#..# .......!..
..#?..#.######
.##.........#.#
..............#
......O.....#
......%@....####
...........#...#
........).#.#..####
......##.#...#....#
...... ##..\..#
...... #.#...#.#
....# ....#.#..#
#### ##....#...#
#.... .###


You could see a two-headed ogre.

Vanquished Creatures
  A wyvern (D:8)
  2 ice beasts
  An ogre (D:6)
  Blork the orc (D:5)
  A bullfrog (D:6)
  A scorpion (D:5)
  3 wights (D:6)
  3 hounds
  A jelly (D:5)
  An orc priest (D:3)
  A sleepcap (D:5)
  An iguana (D:5)
  Natasha (D:3)
  Robin (D:3)
  6 adders
  2 dart slugs
  8 orcs
  3 bats
  6 endoplasms
  4 giant cockroaches
  9 goblins
  10 hobgoblins
  6 jackals
  2 quokkas
  15 ball pythons
  5 frilled lizards
  4 kobolds
  4 rats
103 creatures vanquished.

Notes
Turn   | Place    | Note
-------+----------+-------------------------------------------
     0 | D:1      | qw the Gargoyle Cinder Acolyte began the quest for the Orb.
     0 | D:1      | Reached XP level 1. HP: 14/14 MP: 2/2
     0 | D:1      | 0 ||| qw: Version: 0.2-a-95-g4c1bab1
     0 | D:1      | 0 ||| qw: Game counter: 159
     0 | D:1      | 0 ||| qw: Always use a shield: true
     0 | D:1      | 0 ||| qw: God list: Okawaru
     0 | D:1      | 0 ||| qw: Allow faded altars: false
     0 | D:1      | 0 ||| qw: Do Orc after D:15 true
     0 | D:1      | 0 ||| qw: Do second Lair branch before Depths: true
     0 | D:1      | 0 ||| qw: Lair rune preference: random
     0 | D:1      | 0 ||| qw: Plans: Normal
     0 | D:1      | 0 ||| PLANNING D:1-11
   144 | D:1      | 144 ||| Stepping ~*~*~tactically~*~*~ (hiding).
   145 | D:1      | 145 ||| Stepping ~*~*~tactically~*~*~ (hiding).
   179 | D:1      | 179 ||| Stepping ~*~*~tactically~*~*~ (stealth).
   196 | D:1      | Reached skill level 3 in Axes
   259 | D:1      | 259 ||| INVOKING Fiery Armour.
   299 | D:1      | 299 ||| Stepping ~*~*~tactically~*~*~ (stealth).
   303 | D:1      | Reached XP level 2. HP: 19/19 MP: 3/3
   303 | D:1      | 303 ||| Stepping ~*~*~tactically~*~*~ (stealth).
   308 | D:1      | 308 ||| Stepping ~*~*~tactically~*~*~ (stealth).
   864 | D:1      | 864 ||| UPGRADING to ring of resist corrosion.
   959 | D:2      | 959 ||| SWAPPING to +0 war axe.
  1010 | D:2      | 1010 ||| Stepping ~*~*~tactically~*~*~ (hiding).
  1012 | D:2      | 1012 ||| Stepping ~*~*~tactically~*~*~ (hiding).
  1022 | D:2      | Reached XP level 3. HP: 20/23 MP: 4/4
  1043 | D:2      | Found a faded altar of an unknown god.
  1120 | D:2      | 1120 ||| Stepping ~*~*~tactically~*~*~ (stealth).
  1166 | D:2      | Reached skill level 4 in Axes
  1319 | D:2      | 1319 ||| Stepping ~*~*~tactically~*~*~ (stealth).
  1320 | D:2      | 1320 ||| Stepping ~*~*~tactically~*~*~ (stealth).
  1754 | D:2      | 1754 ||| UPGRADING to +0 leather armour.
  1764 | D:2      | 1764 ||| DROPPING +0 robe.
  1765 | D:2      | 1765 ||| UPGRADING to scarf of repulsion.
  1770 | D:2      | 1770 ||| UPGRADING to amulet of regeneration.
  1775 | D:2      | 1775 ||| UPGRADING to ring of willpower.
  1776 | D:2      | 1776 ||| READING 2 scrolls labelled ZODAOZ IGAS.
  1777 | D:2      | 1777 ||| READING scroll labelled BAVIAJ BAUP.
  1820 | D:3      | 1820 ||| Stepping ~*~*~tactically~*~*~ (stealth).
  1900 | D:3      | Identified the +1 ring mail of Music {rElec rN+ Will+
                  | Dex+4}
  2048 | D:3      | Reached XP level 4. HP: 28/28 MP: 5/5
  2060 | D:3      | 2060 ||| Stepping ~*~*~tactically~*~*~ (stealth).
  2252 | D:3      | Noticed Robin
  2253 | D:3      | 2253 ||| Stepping ~*~*~tactically~*~*~ (hiding).
  2266 | D:3      | Killed Robin
  2267 | D:3      | Reached skill level 5 in Axes
  2285 | D:3      | Reached XP level 5. HP: 32/32 MP: 6/6
  2304 | D:3      | Noticed Natasha
  2305 | D:3      | 2305 ||| Stepping ~*~*~tactically~*~*~ (hiding).
  2306 | D:3      | 2306 ||| Stepping ~*~*~tactically~*~*~ (hiding).
  2308 | D:3      | 2308 ||| INVOKING Fiery Armour.
  2316 | D:3      | Killed Natasha
  2503 | D:3      | 2503 ||| UPGRADING to +1 ring mail of Music {rElec rN+
                  | Will+ Dex+4}.
  2513 | D:3      | 2513 ||| DROPPING +0 leather armour.
  2514 | D:3      | 2514 ||| UPGRADING to +0 helmet.
  2519 | D:3      | 2519 ||| READING scroll labelled ICOUXK MUV CUCW.
  2520 | D:3      | 2520 ||| READING scroll labelled IRUAMNO ODDIUL.
  2521 | D:3      | 2521 ||| DRINKING 4 purple potions.
  2522 | D:3      | 2522 ||| DRINKING 2 emerald potions.
  2523 | D:3      | 2523 ||| DROPPING potion of invisibility.
  2526 | D:4      | Noticed an ice beast
  2540 | D:4      | 2540 ||| STAIRDANCE
  2548 | D:3      | Killed an ice beast
  2549 | D:3      | Reached XP level 6. HP: 38/38 MP: 7/7
  2657 | D:4      | Reached skill level 1 in Dodging
  2823 | D:4      | Found an iron altar of Okawaru.
  2878 | D:4      | 2878 ||| Stepping ~*~*~tactically~*~*~ (hiding).
  3447 | D:4      | 3447 ||| READING scroll labelled TEURPH ULEOKLA.
  3448 | D:4      | 3448 ||| READING scroll labelled NAPHAROHEO.
  3467 | D:5      | Entered Level 5 of the Dungeon
  3472 | D:5      | Found Apeameux's Weapon Emporium.
  3478 | D:5      | Noticed an ice beast
  3486 | D:5      | Killed an ice beast
  3498 | D:5      | Noticed Blork the orc
  3499 | D:5      | 3499 ||| Stepping ~*~*~tactically~*~*~ (hiding).
  3510 | D:5      | Killed Blork the orc
  3511 | D:5      | Reached skill level 6 in Axes
  3511 | D:5      | Reached XP level 7. HP: 27/43 MP: 8/8
  3597 | D:5      | Found a glowing silver altar of Zin.
  3606 | D:5      | 3606 ||| READING scroll of enchant armour.
  3606 | D:5      | 3606 ||| ENCHANTING +0 helmet.
  3733 | D:5      | 3733 ||| Stepping ~*~*~tactically~*~*~ (stealth).
  3734 | D:5      | 3734 ||| Stepping ~*~*~tactically~*~*~ (stealth).
  4016 | D:5      | Reached skill level 7 in Axes
  4045 | D:5      | 4045 ||| Stepping ~*~*~tactically~*~*~ (hiding).
  4095 | D:5      | 4095 ||| DROPPING ring of wizardry.
  4096 | D:5      | 4096 ||| READING scroll labelled HAICZI WIVAT.
  4097 | D:5      | 4097 ||| DRINKING 2 smoky clear potions.
  4098 | D:5      | 4098 ||| READING 7 scrolls of identify.
  4098 | D:5      | 4098 ||| IDENTIFYING metallic pink potion
  4099 | D:5      | 4099 ||| READING 6 scrolls of identify.
  4099 | D:5      | 4099 ||| IDENTIFYING viscous green potion
  4100 | D:5      | 4100 ||| DROPPING potion of degeneration.
  4101 | D:5      | 4101 ||| DROPPING potion of attraction.
  4102 | D:5      | 4102 ||| DROPPING potion of flight.
  4145 | D:6      | 4145 ||| Stepping ~*~*~tactically~*~*~ (stealth).
  4181 | D:6      | Reached XP level 8. HP: 49/49 MP: 9/9
  4183 | D:6      | 4183 ||| SWAPPING to +5 war axe.
  4184 | D:6      | 4184 ||| DROPPING +1 war axe.
  4224 | D:6      | Found an ancient bone altar of Kikubaaqudgha.
  4421 | D:6      | You fall into a shaft and drop 2 floors!
  4422 | D:8      | Found Tiulasmu's Weapon Boutique.
  4423 | D:8      | Identified the +6 flail "Quemo" {drain, rC+ Str+3}
  4430 | D:8      | Noticed a wyvern
  4431 | D:8      | Noticed a two-headed ogre
  4440 | D:8      | 4440 ||| INVOKING Fiery Armour.
  4441 | D:8      | HP: 3/49 [two-headed ogre/+0 giant club (18)]
  4442 | D:8      | Killed a wyvern
  4442 | D:8      | Mangled by a two-headed ogre

Levels and vault maps discovered:
D:1:      matt_arrival_spirals, layout_basic
D:2:      layout_basic, shapermc_ecumenical_altar_mp_highgroup
D:3:      minmay_diamond_boxcup, layout_basic, minmay_tree_intersection,
          minivault_27, uniq_natasha, uniq_robin
D:4:      layout_loops_corners, overflow_temple_1_default
D:5:      layout_loops_cross, general_overflow_altar, serial_shops,
          nicolae_shop_bloodbath_and_beyond, uniq_blork_the_orc
D:6:      layout_basic, nicolae_kikubaaqudgha_miasma_corner,
          biasface_ghost_orc_armoury
D:8:      minmay_bloctagon, layout_rooms, serial_shops, nicolae_diamond_shop,
          special_room [special_room_kobold], minmay_increasing_density,
          uniq_grum

Skill      XL: |  1  2  3  4  5  6  7 |
---------------+----------------------+-----
Axes           | 3 4 5 6 7 |  7.7
Fighting       | 4 5 |  5.0
Armour         | 2 |  2.9
Dodging        | 1 |  1.0
Spellcasting   | |  1.0
Fire Magic     | |  3.0

Action                     |  1- 3 |  4- 6 |  7- 9 || total
---------------------------+-------+-------+-------++-------
  Melee: Hand axe          |    58 |       |       ||    58
         War axe           |    48 |   150 |    85 ||   283
         Punch             |       |       |     1 ||     1
 Invoke: Fiery Armour      |     1 |     1 |     1 ||     3
    Use: Scroll            |     2 |     4 |     4 ||    10
         Potion            |       |     2 |     1 ||     3
   Stab: Invisible         |       |     1 |       ||     1
 Armour: Robe              |    24 |       |       ||    24
         Leather armour    |     4 |    51 |       ||    55
         Ring mail         |       |    29 |    43 ||    72
  Dodge: Dodged            |    67 |   106 |    33 ||   206
         Repelled          |       |     1 |     2 ||     3

Table legend:
 A = Non-vault XP
 B = Vault XP
 C = Vault XP percentage of total XP
 D = Non-vault monster count
 E = Vault monster count
 F = Vault count percentage of total count
                 A         B        C        D         E       F
            +---------+---------+-------+---------+---------+-------
      Total |    1445 |     185 |  11.3 |      83 |      20 |  19.4
            +---------+---------+-------+---------+---------+-------
        D:1 |      30 |       0 |   0.0 |      19 |       0 |   0.0
        D:2 |      30 |       0 |   0.0 |      10 |       0 |   0.0
        D:3 |     216 |      91 |  29.6 |      23 |      19 |  45.2
        D:4 |      75 |       0 |   0.0 |      12 |       0 |   0.0
        D:5 |     455 |      94 |  17.1 |      13 |       1 |   7.1
        D:6 |     429 |       0 |   0.0 |       5 |       0 |   0.0
        D:8 |     210 |       0 |   0.0 |       1 |       0 |   0.0
            +---------+---------+-------+---------+---------+-------
